AoeStats
← Tapwater2000

MegaRandom

504363975Analyzed
3v3 RM · 27d ago on Sep 5, 2026· 44m 52s· 6 players
Game mode
Random Map
Map size
Normal (6 player)
Population
200
Speed
Normal
Resources
Standard
Victory
Conquest
Starting age
Dark Age
Ending age
Imperial Age
RankedLock teamsTeams togetherTeam positionsShared explorationLock speedFull tech treeHidden civsTurbo modeCheats
Victory
Defeat
🇨🇴 Wu · Colombia
1868
+7
🇨🇴 Tatars · Colombia
1779
+9
🇨🇴 Huns · Colombia
1514
+19
🇳🇱 Cumans · Netherlands
1663
-13
🇸🇪 Tupi · Sweden
1600
-11
🇺🇸 Lithuanians · United States
1598
-11
dyatos
8:31 Feudal Age
8:13 Loom
9:18 Double-Bit Axe
9:14 Horse Collar
14:53 Wheelbarrow
16:46 Town Watch
19:55 Castle Age
18:25 Fletching
19:09 Stone Mining
19:11 Gold Mining
21:28 Hand Cart
21:10 Bodkin Arrow
23:06 Padded Archer Armor
23:55 Bloodlines
25:44 Bow Saw
31:27 Imperial Age
30:20 Ballistics
30:38 Thumb Ring
31:18 Gold Shaft Mining
31:03 Leather Archer Armor
32:40 Conscription
32:55 Ring Archer Armor
34:19 Chemistry
35:01 Heavy Plow
36:24 Guilds
36:24 Elite Kipchak
37:46 Parthian Tactics
37:04 Light Cavalry
38:27 Town Patrol
37:50 Hussar
38:39 Scale Barding Armor
40:06 Chain Barding Armor
39:51 Steppe Husbandry
42:19 Plate Barding Armor
41:55 Forging
42:55 Caravan
44:25 Iron Casting
Tapwater2000
12:23 Feudal Age
10:49 Loom
12:36 Feudal Age
17:02 Castle Age
15:47 Double-Bit Axe
16:13 Horse Collar
18:17 Fletching
19:53 Padded Archer Armor
25:03 Bodkin Arrow
25:41 Bow Saw
28:29 Ballistics
31:14 Pikeman
31:55 Squires
33:34 Wheelbarrow
36:39 Imperial Age
34:00 Town Watch
33:54 Elite Skirmisher
34:59 Leather Archer Armor
36:50 Elite Blackwood Archer
38:08 Bracer
Zeroreasonz
6:23 Loom
8:18 Feudal Age
7:59 Loom
19:01 Castle Age
17:10 Double-Bit Axe
17:14 Horse Collar
18:17 Forging
19:24 Scale Barding Armor
19:34 Bloodlines
20:09 Bow Saw
26:58 Chain Barding Armor
30:59 Wheelbarrow
31:50 Heavy Plow
33:48 Town Watch
37:05 Imperial Age
35:09 Hand Cart
36:10 Iron Casting
35:29 Gold Mining
38:23 Plate Barding Armor
37:11 Elite Leitis
38:11 Husbandry
38:43 Conscription
39:00 Caravan
38:50 Light Cavalry
40:30 Winged Hussar
40:49 Elite Skirmisher
41:20 Fletching
41:31 Padded Archer Armor
41:52 Ballistics
41:58 Thumb Ring
41:45 Crossbowman
42:23 Bodkin Arrow
43:38 Chemistry
42:53 Padded Archer Armor
43:06 Masonry
43:44 Bracer
44:14 Leather Archer Armor
45:54 Two-Man Saw
45:03 Tower Shields
Livaï
7:48 Loom
9:54 Feudal Age
10:46 Town Watch
13:52 Castle Age
12:27 Double-Bit Axe
13:52 Fletching
21:29 Bodkin Arrow
26:45 Ballistics
33:20 Husbandry
33:58 Horse Collar
34:10 Gold Mining
38:06 Wheelbarrow
40:17 Imperial Age
38:27 Bloodlines
39:32 Thumb Ring
40:05 Bow Saw
40:32 Wheelbarrow
40:59 Bracer
41:22 Padded Archer Armor
43:13 Chemistry
42:40 Parthian Tactics
42:51 Light Cavalry
45:01 Leather Archer Armor
44:23 Heavy Cavalry Archer
NuMa | AngelR
6:18 Loom
8:58 Feudal Age
9:27 Double-Bit Axe
10:19 Horse Collar
18:50 Castle Age
20:21 Bow Saw
21:24 Wheelbarrow
20:34 Town Watch
25:27 Town Patrol
26:57 Gold Mining
30:55 Imperial Age
28:18 Fletching
29:17 Bodkin Arrow
29:48 Ballistics
31:25 Padded Archer Armor
31:39 Bloodlines
31:29 Husbandry
31:57 Bracer
33:40 Chemistry
32:33 Heavy Cavalry Archer
34:38 Gold Shaft Mining
34:05 Heavy Plow
34:27 Light Cavalry
36:00 Leather Archer Armor
35:50 Scale Barding Armor
35:56 Forging
37:01 Hand Cart
37:11 Conscription
36:58 Silk Armor
37:32 Ring Archer Armor
36:32 Hussar
37:48 Chain Barding Armor
40:47 Plate Barding Armor
40:44 Ring Archer Armor
41:56 Caravan
43:30 Forging
44:19 Timurid Siegecraft
45:28 Guilds
45:49 Coinage
NuMa | Toth
10:58 Feudal Age
9:16 Loom
11:05 Feudal Age
15:03 Castle Age
13:47 Double-Bit Axe
13:42 Horse Collar
16:59 Fletching
20:15 Bodkin Arrow
24:42 Wheelbarrow
23:53 Town Watch
24:19 Bow Saw
25:30 Gold Mining
25:41 Heavy Plow
26:16 Padded Archer Armor
27:25 Hand Cart
31:09 Ballistics
31:05 Leather Archer Armor
35:18 Imperial Age
35:36 Gold Shaft Mining
36:02 Bracer
37:05 Chemistry
36:21 Red Cliffs Tactics
36:46 Conscription
38:18 Two-Man Saw
37:09 Stone Mining
37:47 Elite Fire Archer
40:16 Masonry
41:19 Scale Mail Armor
41:29 Forging
41:11 Pikeman
41:51 Squires
41:44 Halberdier
42:40 Chain Mail Armor
43:00 Caravan
43:52 Plate Mail Armor
43:33 Forging
43:28 Murder Holes
44:05 Architecture
44:30 Stone Shaft Mining
46:01 Iron Casting
Connection lost

Rejoining the realm…

Still unreachable

The connection could not be restored.

Session expired

The server has moved on; the page needs a fresh start.